 Dungeon Crawl Stone Soup version 0.30.1-4-g462c640d31 (webtiles) character file.

Game seed: 5210818153634002135

849 boopmooplesden the Covered (level 7, 0/63 HPs)
             Began as an Armataur Fighter on Sept 8, 2023.
             Slain by an ice beast (5 damage)
             ... on level 5 of the Dungeon.
             The game lasted 00:04:54 (3687 turns).

boopmooplesden the Covered (Armataur Fighter)       Turns: 3687, Time: 00:04:56

Health: 0/63       AC:  9    Str: 23    XL:     7   Next: 69%
Magic:  7/7        EV:  8    Int:  8    God:
Gold:   257        SH:  4    Dex: 10    Spells: 6/6 levels left

rFire   . . .        q - +1 broad axe
rCold   . . .        c - +0 buckler
rNeg    . . .        b - +0 scale mail
rPois   .            k - +2 hat
rElec   .            (no cloak)
rCorr   .            (no gloves)
SInv    .            (no barding)
Will    .....        (no amulet) Stlth
                     (no ring)
HPRegen 0.30/turn    (no ring)
MPRegen 0.10/turn

%: roll
@: no status effects
A: large, rugged brown scales 3, deformed body, armoured tail, roll, long
tongue, awkward tongue
a: no special abilities


You were on level 5 of the Dungeon.
You visited 2 branches of the dungeon, and saw 6 of its levels.

You collected 257 gold pieces.

Inventory:

Hand Weapons
 a - a +0 war axe
 o - a +1 heavy morningstar
 q - a +1 broad axe (weapon)
Missiles
 j - 8 boomerangs (quivered)
Armour
 b - a +0 scale mail (worn)
 c - a +0 buckler (worn)
 k - a +2 hat (worn)
 s - a +1 ring mail of willpower
Wands
 f - a wand of mindburst (17)
 l - a wand of roots (7)
Scrolls
 d - 3 scrolls of teleportation
 h - 3 scrolls of fear
Potions
 e - a potion of brilliance
 g - 4 potions of lignification
 n - a potion of haste
 r - a potion of heal wounds


   Skills:
 + Level 4.2 Fighting
 + Level 5.1 Axes
 + Level 6.2 Armour
 + Level 1.5 Dodging
 + Level 0.1 Stealth
 + Level 3.9 Shields


You had 6 spell levels left.
You didn't know any spells.
Your spell library contained the following spells:

 Spells                   Type           Power      Damage    Failure   Level
 Slow                     Hex            0%         N/A       77%         1
 Lesser Beckoning         Tloc           0%         N/A       88%         2
 Confusing Touch          Hex            0%         N/A       98%         3
 Gell's Gravitas          Tloc           0%         N/A       98%         3
 Teleport Other           Tloc           0%         N/A       98%         3
 Vampiric Draining        Necr           0%         2d6       98%         3


Dungeon Overview and Level Annotations

Branches:
Dungeon (5/15)             Temple (1/1) D:4

Altars:
Ashenzari
Dithmenos
Elyvilon
Fedhas
Gozag
Hepliaklqana
Kikubaaqudgha
Makhleb
Sif Muna
Uskayaw
Vehumet
Xom
Zin
The Shining One

Shops:
D:1 =!:?   D:4 (


Innate Abilities, Weirdness & Mutations

You are completely covered in rugged brown scales. (AC +3, +7% HP)
Armour fits poorly on your strangely shaped body.
You have a long armoured tail.
You roll when moving toward enemies. (Rampage)
Your long tongue fully drains potion bottles. (2x potion effects)
Your tongue gives you trouble enunciating. (1.5x scroll delay)


Message History

You barely miss the ice beast.
The ice beast is moderately wounded.
You barely miss the iguana. You block the iguana's attack.
You block the ice beast's attack.
You barely miss the ice beast.
The ice beast is moderately wounded.
You closely miss the iguana.
The iguana bites you but does no damage.
The ice beast closely misses you.
You barely miss the ice beast.
The ice beast is moderately wounded.
You hit the iguana. The iguana bites you! The ice beast barely misses you.
You block the iguana's attack.
The ice beast hits you but does no damage.
You slash the ice beast!
The ice beast is severely wounded.
You slash the iguana! The iguana barely misses you.
The ice beast hits you but does no damage.
You hit the ice beast.
The ice beast is severely wounded.
You completely miss the iguana. The iguana barely misses you.
The ice beast hits you but does no damage.
The iguana barely misses you. The ice beast hits you.
The ice beast freezes you.
You barely miss the ice beast.
The ice beast is severely wounded.
You closely miss the iguana. The iguana barely misses you.
The ice beast barely misses you. You block the iguana's attack.
You see here a +0 leather armour.
You slash the iguana!
You kill the iguana!
You hit the ice beast.
The ice beast is almost dead.
The ice beast hits you. The ice beast freezes you!
* * * LOW HITPOINT WARNING * * *
The ice beast hits you.
* * * LOW HITPOINT WARNING * * *
The ice beast freezes you.
You die...

... #.# #.#
#.# #.# #.#
#.#
####.##.#
#.@Y....#
#.##.......#
#.#.##..#.##
#.#. ..# #
#.#.# #.#
####.#.###.#
#...<......#
#.##########
#


You could see an ice beast.

Vanquished Creatures
  Grinder (D:3)
  A black bear (D:4)
  An ogre (D:4)
  A phantom (D:4)
  A scorpion (D:4)
  A hound (D:4)
  An orc priest (D:4)
  3 orc wizards
  2 iguanas
  7 adders
  3 worms
  4 dart slugs
  11 orcs
  4 endoplasms
  5 giant cockroaches
  8 goblins
  6 hobgoblins
  7 jackals
  2 quokkas
  8 ball pythons
  3 bats
  2 frilled lizards
  4 kobolds
  2 rats (D:3)
88 creatures vanquished.

Notes
Turn   | Place    | Note
-------+----------+-------------------------------------------
     0 | D:1      | boopmooplesden the Armataur Fighter began the quest for the
                  | Orb.
     0 | D:1      | Reached XP level 1. HP: 19/19 MP: 1/1
    36 | D:1      | Found Enegg's Jewellery Boutique.
   147 | D:1      | Reached XP level 2. HP: 25/26 MP: 2/2
   190 | D:1      | Found Mairiak's Distillery.
   435 | D:1      | Reached skill level 4 in Armour
   496 | D:1      | Found Yxkusm's Book Emporium.
   571 | D:1      | Found Biffett's Magic Scroll Shop.
   669 | D:2      | Reached XP level 3. HP: 23/33 MP: 3/3
   871 | D:2      | Reached XP level 4. HP: 39/40 MP: 4/4
  1405 | D:3      | Noticed Grinder
  1406 | D:3      | Paralysed by Grinder for 5 turns
  1413 | D:3      | Killed Grinder
  1414 | D:3      | Reached skill level 5 in Armour
  1414 | D:3      | Reached skill level 1 in Dodging
  1414 | D:3      | Reached XP level 5. HP: 26/48 MP: 5/5
  1414 | D:3      | Reached XP level 6. HP: 29/54 MP: 6/6
  1906 | D:3      | Found a broken altar of Ashenzari.
  2574 | D:4      | Reached XP level 7. HP: 52/62 MP: 7/7
  2682 | D:4      | Found a staircase to the Ecumenical Temple.
  2713 | Temple   | Entered the Ecumenical Temple
  3224 | D:4      | Found Uxus's Antique Weapon Shoppe.
  3299 | D:4      | Reached skill level 6 in Armour
  3369 | D:4      | Reached skill level 5 in Axes
  3665 | D:5      | Entered Level 5 of the Dungeon
  3687 | D:5      | Slain by an ice beast

Illustrated notes

Levels and vault maps discovered:
D:1:      dpeg_arrival_stone_temple_mockup, layout_basic, serial_shops, shop,
          nicolae_shop_rolled_up, shop, shop
D:2:      layout_loops_cross
D:3:      layout_loops_corners, marbit_many_paths, minmay_misc_feat_nine_boxes,
          uniq_grinder
D:4:      layout_loops_ring, minmay_temple_entry_drinking_statues, serial_shops,
          shop, dreamdust_princess_bridge
D:5:      layout_basic
Temple:   oiseaux_autumnal_temple

Skill      XL: |  1  2  3  4  5  6  7 |
---------------+----------------------+-----
Armour         | 4 5 6 |  6.2
Fighting       | 3 4 |  4.2
Axes           | 2 3 4 5 |  5.1
Dodging        | 1 |  1.5
Stealth        | |  0.1
Shields        | |  3.9

Action                     |  1- 3 |  4- 6 |  7- 9 || total
---------------------------+-------+-------+-------++-------
  Melee: War axe           |    81 |   144 |     4 ||   229
         Tailslap          |     8 |    11 |     9 ||    28
         Broad axe         |       |       |    40 ||    40
    Use: Scroll            |       |     8 |     3 ||    11
         Potion            |       |     1 |       ||     1
 Armour: Scale mail        |    67 |    83 |    15 ||   165
  Dodge: Dodged            |    40 |    54 |    20 ||   114
  Block: Buckler           |    15 |    22 |    10 ||    47
